 Dungeon Crawl Stone Soup version 0.20.1-1-g8b1a95d (webtiles) character file.

206 dohliylev the Covert (level 5, 0/35 HPs)
             Began as a Vampire Enchanter on July 15, 2017.
             Slain by a human zombie (5 damage)
             ... in an ossuary.
             The game lasted 00:15:59 (3404 turns).

dohliylev the Covert (Vampire Enchanter)            Turns: 3404, Time: 00:16:00

Health: 0/35       AC:  4    Str: 10    XL:     5   Next: 53%
Magic:  0/8        EV: 12    Int: 19    God:
Gold:   180        SH:  3    Dex: 14    Spells: 2/8 levels left

rFire    . . .     SeeInvis +   a - +1 dagger
rCold    . . .     Gourm    .   p - +0 buckler
rNeg     + . .     Faith    .   b - +0 robe
rPois    .         Spirit   .   m - +0 helmet
rElec    .         Reflect  .   (no cloak)
rCorr    .         Harm     .   q - +0 pair of gloves
MR       .....                  (no boots)
Stlth    ++++......             (no amulet)
Regen    0.2/turn               k - +3 ring of strength
MPRegen  0.2/turn               (no ring)

@: no status effects
A: fangs 3, see invisible, unbreathing
a: Bat Form


You were in an ossuary.
You were not thirsty.

You visited 1 branch of the dungeon, and saw 4 of its levels.
You also visited: Ossuary.

You collected 180 gold pieces.

Inventory:

Hand Weapons
 a - a +1 dagger (weapon)
Armour
 b - a +0 robe (worn)
 m - a +0 helmet (worn)
 p - a +0 buckler (worn)
 q - a +0 pair of gloves (worn)
Jewellery
 k - a +3 ring of strength (left hand)
Scrolls
 e - 2 scrolls of fear
 g - 2 scrolls of remove curse
 i - 2 scrolls of magic mapping {unknown}
 l - 4 scrolls of identify
 r - a scroll of immolation {unknown}
Potions
 d - 5 potions of blood
 f - 2 potions of agility {unknown}
 h - a potion of curing {unknown}
 j - 2 potions of heal wounds {unknown}
 n - a potion of invisibility {unknown}
 o - a potion of resistance {unknown}
Books
 c - a book of Maledictions

   Spells                             Type                      Level
   a - Corona                         Hexes                        1
   b - Ensorcelled Hibernation        Hexes/Ice                    2
   c - Confuse                        Hexes                        3
   d - Tukima's Dance                 Hexes                        3
   e - Dazzling Spray                 Conjuration/Hexes            3


   Skills:
 - Level 0.1 Fighting
 + Level 3.5 Short Blades
 - Level 2.1 Dodging
 - Level 8.0 Stealth
 + Level 0.1 Shields
 - Level 2.0 Spellcasting
 - Level 4.4 Hexes
 - Level 1.0 Ice Magic


You had 2 spell levels left.
You knew the following spells:

 Your Spells              Type           Power        Failure   Level  Hunger
a - Corona                Hex            ###....      4%          1    #......
b - Ensorcelled Hibernat  Hex/Ice        ##....       14%         2    ###....
c - Confuse               Hex            ###.....     13%         3    ###....


Dungeon Overview and Level Annotations

Branches:
Dungeon (4/15)
 Temple: D:4-7

Altars:
Dithmenos


Innate Abilities, Weirdness & Mutations

You have razor-sharp teeth.
You have supernaturally acute eyesight. (SInv)
You can survive without breathing.


Message History

You hit the human zombie.
The human zombie is lightly damaged.
The human zombie hits you but does no damage.
You closely miss the human zombie. You bite the human zombie.
The human zombie is moderately damaged.
The human zombie hits you but does no damage.
Your shield prevents you from hitting the human zombie.
The human zombie is moderately damaged.
You hit the human zombie.
The human zombie is moderately damaged.
The human zombie hits you.
* * * LOW HITPOINT WARNING * * *
Casting: Confuse
Confirm with . or Enter, or press ? or * to list all spells.
Aiming: Confuse
Press: ? - help, Shift-Dir - straight line, f/p - human zombie
Aim: a human zombie (moderately damaged, chance to defeat MR: 59%)
The human zombie resists with significant effort.
The human zombie hits you.
You die...

#####################
#.........∩∩.........
#...@Z...............
#...##############...
#...# ..#... #...
#...# .#...# #...
#...####Z.... #...
#...#.....∩.# #...
#...#.......# #Z..
#...#.......# #...
#.Z.#.......####Z#...


You could see a human zombie.

Vanquished Creatures
  An orc priest (D:3)
  A big kobold zombie (Ossuary)
  6 adders (D:2)
  2 oozes
  5 dart slugs
  2 leopard geckos
  4 orcs (D:3)
  6 bats
  3 giant cockroaches
  3 goblins
  6 hobgoblins
  2 jackals (D:2)
  A quokka (D:3)
  9 ball pythons
  2 frilled lizards
  A goblin zombie (Ossuary)
  13 hobgoblin zombies (Ossuary)
  7 kobolds
  6 kobold zombies (Ossuary)
  7 orc zombies (Ossuary)
  6 rats
  A rat zombie (Ossuary)
94 creatures vanquished.

Notes
Turn   | Place    | Note
-------+----------+-------------------------------------------
     0 | D:1      | dohliylev the Vampire Enchanter began the quest for the Orb.
     0 | D:1      | Reached XP level 1. HP: 13/13 MP: 3/3
    23 | D:1      | Reached skill level 5 in Stealth
    58 | D:1      | Reached XP level 2. HP: 17/19 MP: 5/5
    62 | D:1      | Learned a level 2 spell: Ensorcelled Hibernation
   391 | D:1      | Reached skill level 6 in Stealth
   496 | D:1      | Reached XP level 3. HP: 24/24 MP: 6/6
  1141 | D:2      | Reached skill level 7 in Stealth
  1281 | D:2      | Reached XP level 4. HP: 30/30 MP: 4/7
  1973 | D:3      | Found a shadowy altar of Dithmenos.
  2117 | D:3      | Reached skill level 8 in Stealth
  2494 | D:3      | Reached skill level 1 in Ice Magic
  2494 | D:3      | Reached XP level 5. HP: 18/35 MP: 0/8
  2798 | D:4      | Learned a level 3 spell: Confuse
  2801 | D:4      | Found a sand-covered staircase.
  2807 | Ossuary  | Entered an ossuary
  3404 | Ossuary  | Slain by a human zombie

Skill      XL: |  1  2  3  4  5 |
---------------+----------------+-----
Stealth        | 5 6 7 8 |  8.0
Short Blades   | 2 3 |  3.5
Ice Magic      | 1 |  1.0
Fighting       | |  0.1
Dodging        | |  2.1
Shields        | |  0.1
Spellcasting   | |  2.0
Hexes          | |  4.4

Action                   |  1- 3 |  4- 6 || total
-------------------------+-------+-------++-------
Melee: Dagger            |   104 |   240 ||   344
       Bite              |     6 |    33 ||    39
 Cast: Ensorcelled Hiber |    17 |    31 ||    48
       Confuse           |       |     8 ||     8
 Abil: End Transformatio |       |     1 ||     1
       Bat Form          |       |     1 ||     1
  Use: Potion            |     1 |     3 ||     4
       Scroll            |       |     3 ||     3
 Stab: Sleeping          |    22 |    27 ||    49
  Eat: Corpse            |    11 |     5 ||    16
Armor: Robe              |    24 |    44 ||    68
Dodge: Dodged            |    67 |   116 ||   183
Block: Buckler           |       |    23 ||    23
